 Dungeon Crawl Stone Soup version 0.20.0-4-g10b340a (webtiles) character file.

106854 RKaid the Nimble (level 16, -8/90 HPs)
             Began as a Tengu Air Elementalist on May 28, 2017.
             Was an Elder of Sif Muna.
             Mangled by an alligator (11 damage)
             ... led by an alligator
             ... on level 2 of the Swamp.
             The game lasted 04:00:56 (50808 turns).

RKaid the Nimble (Tengu Air Elementalist)          Turns: 50808, Time: 04:00:56

Health: -8/90      AC: 10    Str: 11    XL:     16   Next: 45%
Magic:  11/30      EV: 26    Int: 19    God:    Sif Muna [****..]
Gold:   1921       SH:  6    Dex: 14    Spells: 11/34 levels left

rFire    + + .     SeeInvis .   a - +2 hand axe (elec)
rCold    . . .     Gourm    .   n - +1 buckler {reflect}
rNeg     + . .     Faith    .   r - +2 steam dragon scales {rSteam}
rPois    +         Spirit   .   J - +0 hat "Soepach" {rF+ rN+}
rElec    .         Reflect  +   h - +0 cloak
rCorr    .         Harm     .   (no gloves)
MR       ++...     Clarity  +   (boots unavailable)
Stlth    ++........             f - amulet of regeneration {+regen}
Regen    0.7/turn               I - ring "Liomievy" {rPois MR+}
MPRegen  0.3/turn               N - +2 ring of protection

@: flying quickly and evasively, quick
A: antennae 2, beak, talons 3, blurry vision 1, clarity, dopey 1, fire
resistance 1, frail 1, no potion heal 1, able to fly 2
a: Stop Flying, Divine Energy, Channel Magic, Forget Spell, Renounce Religion


You were on level 2 of the Swamp.
You worshipped Sif Muna.
Sif Muna was greatly pleased with you.
You were very hungry.

You visited 5 branches of the dungeon, and saw 26 of its levels.
You also visited: Ossuary.

You collected 2720 gold pieces.
You spent 799 gold pieces at shops.

Inventory:

Hand Weapons
 a - a +2 hand axe of electrocution (weapon)
   (You took it off an orc on level 3 of the Dungeon)
 b - a +1 scimitar of electrocution
   (You took it off an orc warrior on level 1 of the Orcish Mines)
 w - a +4 broad axe
   (You took it off an orc knight on level 2 of the Orcish Mines)
 P - a +0 blowgun
   (You took it off a kobold on level 9 of the Dungeon)
Missiles
 e - 2 curare-tipped needles
 u - 75 poisoned needles
Armour
 h - a +0 cloak (worn)
   (You found it on level 14 of the Dungeon)
 n - a +1 buckler of reflection (worn)
   (You acquired it on level 8 of the Dungeon)
 r - +2 steam dragon scales (worn) {rSteam}
   (You took it off a centaur on level 8 of the Dungeon)
 s - a +2 hat
   (You found it on level 7 of the Dungeon)
 z - the +5 chain mail of a Thousand Spirits {Stlth+, unknown}
   (You found it on level 13 of the Dungeon)

   It makes you more stealthy.
 J - the +0 hat "Soepach" (worn) {rF+ rN+}
   (You acquired it on level 13 of the Dungeon)

   It protects you from fire.
   It protects you from negative energy.
Magical Staves
 H - an uncursed staff of wizardry {wiz+, !a}
   (You found it on level 1 of the Swamp)
Jewellery
 f - an amulet of regeneration (around neck) {+regen}
   (You found it on level 4 of the Lair of Beasts)
 l - an uncursed ring of resist corrosion
   (You found it on level 5 of the Dungeon)
 I - the ring "Liomievy" (left hand) {rPois MR+}
   (You bought it in a shop on level 4 of the Dungeon)

   [ring of protection from magic]

   It protects you from poison.
   It affects your resistance to hostile enchantments.
 L - an uncursed ring of protection from fire {rF+}
   (You found it on level 14 of the Dungeon)
 N - a +2 ring of protection (right hand)
   (You found it on level 3 of the Lair of Beasts)
 U - an uncursed ring of see invisible {sInv}
   (You found it on level 5 of the Lair of Beasts)
Wands
 g - a wand of confusion (26/48)
   (You found it on level 9 of the Dungeon)
 p - a wand of iceblast (2/15)
   (You took it off an orc on level 6 of the Dungeon)
 A - a wand of acid (7/15)
   (You found it on level 13 of the Dungeon)
 F - a wand of iceblast (4/15)
   (You found it on level 8 of the Dungeon)
 K - a wand of lightning (3/15)
   (You found it on level 2 of the Lair of Beasts)
Scrolls
 j - 3 scrolls of fog
 m - a scroll of enchant weapon
 o - 11 scrolls of remove curse
 v - a scroll of teleportation
 y - a scroll of holy word {unknown}
 D - 2 scrolls of enchant armour
 O - a scroll of random uselessness {unknown}
 W - 2 scrolls of magic mapping {!r}
 X - a scroll of recharging
Potions
 d - 3 potions of berserk rage {!q}
 k - 2 potions of haste
 t - 2 potions of resistance
 x - a potion of ambrosia
 B - a potion of brilliance
 C - 10 potions of curing
 E - 2 potions of agility
 M - 2 potions of magic {unknown}
 R - a potion of cancellation
 T - a potion of might
 V - 2 potions of lignification {!q}
 Z - a potion of heal wounds
Miscellaneous
 S - a box of beasts
 Y - a lamp of fire
   (You found it on level 10 of the Dungeon)
Comestibles
 c - 3 bread rations
 Q - 3 fruits


   Skills:
 + Level 12.3 Fighting
 + Level 13.2 Axes
 - Level 14.2 Dodging
 - Level 2.0 Stealth
 - Level 4.0 Shields
 + Level 9.7 Spellcasting
 - Level 11.0 Conjurations
 - Level 2.0 Charms
 - Level 3.0 Translocations
 - Level 13.0 Air Magic
 - Level 8.0 Invocations


You had 11 spell levels left.
You knew the following spells:

 Your Spells              Type           Power        Failure   Level  Hunger
a - Shock                 Conj/Air       ####         1%          1    None
b - Airstrike             Air            ######....   1%          4    ###....
c - Mephitic Cloud        Conj/Pois/Air  #####...     1%          3    None
d - Stone Arrow           Conj/Erth      ####..       2%          3    None
e - Lightning Bolt        Conj/Air       ######....   1%          5    #####..
A - Swiftness             Chrm/Air       #####...     1%          2    None
B - Blink                 Tloc           N/A          3%          2    None
C - Conjure Flame         Conj/Fire      ####....     2%          3    None


Dungeon Overview and Level Annotations

Branches:
Dungeon (15/15)            Temple (1/1) D:7            Lair (6/6) D:9
  Swamp (2/4) Lair:3        Snake (0/4) Lair:2        Slime (0/5) Lair:6
    Orc (2/2) D:9             Elf (0/3) Orc:2        Vaults (0/5) D:13
 Depths: D:15

Altars:
Ashenzari
Cheibriados
Dithmenos
Elyvilon
Fedhas
Gozag
Hepliaklqana
Kikubaaqudgha
Makhleb
Nemelex Xobeh
Okawaru
Qazlal
Ru
Sif Muna
Trog
Uskayaw
Vehumet
Xom
Yredelemnul
Zin
The Shining One

Shops:
D:4 *=%   D:8 *   Orc:2 !=[%

Portals:
Trove: D:10 (give +3 shadow dragon scales)

Annotations:
D:3 exclusion: Terence, Grinder; Terence
D:5 5 runed doors, exclusions: slave and upstairs, Pikel
D:6 exclusion: door
D:7 1 runed door
D:8 Joseph; Mandevil's ghost, novice MiHu
D:9 exclusion: upstairs
Lair:2 exclusion: 3 oklob plants
Lair:6 exclusion: 3 oklob plants
Swamp:2 exclusion: hydra


Innate Abilities, Weirdness & Mutations

You have a beak for a mouth.
You have claws for feet.
You can fly continuously.
You have a pair of antennae on your head.
Scrolls take you a little longer to read.
You possess an exceptional clarity of mind.
You are dopey. (Int -2)
Your flesh is heat resistant. (rF+)
You are frail. (-10% HP)
Potions are less effective at restoring your health.


Message History

The alligator completely misses you. The alligator barely misses you.
Casting: Lightning Bolt
Confirm with . or Enter, or press ? or * to list all spells.
Aiming: Lightning Bolt
Press: ? - help, Shift-Dir - straight line
Okay, then.
The alligator bites you but does no damage.
The alligator completely misses you. The alligator closely misses you.
The alligator misses you.
There is a stone staircase leading up here.
Casting: Lightning Bolt
Confirm with . or Enter, or press ? or * to list all spells.
Aiming: Lightning Bolt
Press: ? - help, Shift-Dir - straight line, f - alligator
Aim: an alligator (lightly wounded)
You hear a mighty clap of thunder!
The bolt of lightning hits the alligator. x2
The tree smoulders and burns.
You hear an angry buzzing noise. x3
The alligator bites you! The alligator closely misses you.
You slash the alligator!
Lightning courses through the alligator!
You claw the alligator.
The alligator bites you but does no damage.
The alligator tail-slaps you but does no damage.
You barely miss the alligator. Your kick misses the alligator.
You peck the alligator, but do no damage.
You hit the alligator but do no damage. The alligator bites you!
The alligator completely misses you.
The alligator puts on a burst of speed!
You hit the alligator.
You claw the alligator, but do no damage.
You closely miss the alligator. The alligator bites you!!
You block the alligator's attack. x3
Casting: Lightning Bolt
Confirm with . or Enter, or press ? or * to list all spells.
You blink.
Okay, then.
You feel somewhat more hungry.
You hear a distant blaring wail to the southwest.
Casting: Blink
Confirm with . or Enter, or press ? or * to list all spells.
Aiming: Lightning Bolt
Press: ? - help, Shift-Dir - straight line, f - alligator, p - alligator
Aim: an alligator (moderately wounded, covering ground quickly)
You hear a mighty clap of thunder!
The bolt of lightning hits the alligator. x2
The tree smoulders and burns.
You are feeling hungry.
You hear a roar! x2
Casting: Lightning Bolt
Confirm with . or Enter, or press ? or * to list all spells.
Aiming: Lightning Bolt
Press: ? - help, Shift-Dir - straight line, f/p - alligator
Aim: an alligator (moderately wounded, covering ground quickly)
You hear a mighty clap of thunder!
The bolt of lightning hits the alligator. x2
The alligator appears unharmed.
You hear an angry buzzing noise.
The alligator completely misses you. You block the alligator's attack.
You feel less invigorated. The alligator bites you. The alligator misses you.
You block the alligator's attack. x2
The alligator closely misses you. The alligator completely misses you.
The alligator completely misses you. x2
The alligator closely misses you. The alligator tail-slaps you!
Found a stone staircase leading down.
Casting: Lightning Bolt
Confirm with . or Enter, or press ? or * to list all spells.
Aiming: Lightning Bolt
Press: ? - help, Shift-Dir - straight line, f - alligator, p - alligator
Aim: an alligator (heavily wounded, covering ground quickly)
You hear a mighty clap of thunder!
The bolt of lightning hits the alligator.
The bolt of lightning misses the alligator.
The tree smoulders and burns.
You are feeling very hungry.
You hear an angry buzzing noise.
You hear a roar!
You hear a croak.
You hear a deafening roar!
The alligator bites you!!
* * * LOW HITPOINT WARNING * * *
You block the alligator's attack.
Okay, then.
Okay, then.
Press: ? - help, v - describe, . - travel
Here: an alligator (moderately wounded, covering ground quickly)
The floor.
Press: ? - help, v - describe, . - travel
Here: an alligator (moderately wounded, covering ground quickly)
The floor.
Casting: Lightning Bolt
Confirm with . or Enter, or press ? or * to list all spells.
You blink.
Casting: Blink
Confirm with . or Enter, or press ? or * to list all spells.
You blink.
A six-headed hydra comes into view.
The alligator bites you!
* * * LOW HITPOINT WARNING * * *
The alligator tail-slaps you!
You die...

.≈≈≈.≈.≈≈§.≈≈..≈.♣♣
≈♣≈≈≈♣≈≈♣...≈≈...♣
≈≈.≈≈≈≈...≈≈≈≈≈≈♣♣
≈≈≈≈≈≈≈.♣.≈≈§♣.(♣
≈.≈≈.≈...t.♣t≈≈♣♣♣
≈≈≈♣≈≈§.≈≈♣≈≈≈≈≈≈♣
.≈...≈.≈≈♣≈≈≈≈≈≈≈♣
≈≈≈≈≈≈≈♣.t♣≈≈≈≈≈≈♣
>≈≈≈.♣≈≈≈≈@≈≈≈≈♣.≈♣
≈...≈≈§.≈≈.♣≈≈♣♣.♣♣
.≈≈≈..♣≈≈≈.♣♣♣♣ ≈♣
......(.≈≈.♣ .♣
≈≈≈≈≈≈≈≈≈≈
.≈♣≈≈..≈.♣
≈≈≈D♣♣.≈≈ ≈≈.. ≈.≈≈
.


You could see 2 alligators and a six-headed hydra.

Vanquished Creatures
  A quicksilver dragon (shapeshifter) (D:14)
  2 entropy weavers (Lair:5)
  The ghost of Serafim the Severer, a journeyman MiFi of Okawaru (Orc:2)
  Azrael (D:12)
  An ettin (Orc:1)
  10 hydras
  A vault guard (D:13)
  A catoblepas (Lair:6)
  A deep troll shaman (Lair:6)
  An alligator (Swamp:1)
  14 death yaks
  5 two-headed ogres
  A queen ant (Lair:6)
  An unseen horror (D:12)
  2 swamp dragons (Swamp:1)
  5 orc knights
  A wolf spider zombie (D:14)
  3 orc sorcerers
  An oklob plant (Lair:2)
  A shining eye (Lair:6)
  15 elephants
  16 ugly things
  A manticore (D:13)
  3 cyclopes
  3 black mambas
  19 spiny frogs
  3 gargoyles
  2 rime drakes (Lair:6)
  A freezing wraith (D:14)
  A kobold demonologist (D:14)
  A yaktaur (D:11)
  9 komodo dragons
  The ghost of Glitchraptor the Chopper, an amateur HOAK of Lugonu (D:4)
  6 trolls
  2 tyrant leeches (Swamp:1)
  3 polar bears
  17 blink frogs
  3 bog bodies
  11 slime creatures
  15 hippogriffs
  5 dream sheep
  A centaur simulacrum (D:15)
  A shadow (Swamp:2)
  46 yaks
  3 wyverns
  A vampire (D:10)
  4 fire elementals (D:12)
  4 hogs (D:7)
  Eustachio (D:5)
  A human (D:7)
  4 basilisks
  3 wargs
  14 vampire mosquitoes
  An acid dragon (D:11)
  3 nagas (Lair:2)
  9 soldier ants (Lair:6)
  9 swamp worms
  10 insubstantial wisps (Swamp:1)
  18 water moccasins
  Duvessa (D:7)
  3 hell hounds
  9 porcupines
  38 orc warriors
  8 ice beasts
  5 swamp drakes
  5 black bears
  A slave (D:5)
  5 phantoms
  3 sky beasts
  12 ogres
  8 necrophages
  27 wolves
  2 eyes of draining
  14 crocodiles
  17 centaurs
  2 big kobolds
  25 bullfrogs
  2 gnoll sergeants
  Dowan (D:7)
  A water moccasin zombie (D:7)
  8 scorpions
  5 killer bees (D:10)
  5 wights (D:7)
  4 howler monkeys
  6 crimson imps
  3 centaur zombies
  21 orc priests
  8 hounds
  A quasit (D:12)
  2 bullfrog zombies
  2 centaur skeletons
  2 bullfrog skeletons
  4 jellies
  Ijyb (D:4)
  2 iguanas
  Natasha (twice) (D:2)
  30 orc wizards
  33 worker ants
  2 hound zombies
  A howler monkey zombie (D:10)
  8 mummies (Ossuary)
  A howler monkey skeleton (D:11)
  14 adders
  12 gnolls
  3 shadow imps
  12 white imps (Lair:1)
  An ooze (D:3)
  An adder zombie (D:9)
  4 adder skeletons
  2 worms
  A dart slug (D:1)
  7 leopard geckos
  95 orcs
  10 giant cockroaches
  11 hobgoblins
  9 jackals
  17 kobolds
  8 quokkas
  A ball python (D:1)
  10 bats
  3 frilled lizards
  2 gnoll zombies (Ossuary)
  12 goblins
  4 hobgoblin zombies (Ossuary)
  A jackal zombie (D:5)
  A kobold zombie (Ossuary)
  A leopard gecko zombie (D:8)
  An orc zombie (Ossuary)
  9 rats
  A butterfly (Lair:2)
  5 fungi
  A plant (Lair:6)
923 creatures vanquished.

Vanquished Creatures (collateral kills)
  2 worker ants (Lair:6)
2 creatures vanquished.

Vanquished Creatures (others)
  A manticore (D:12)
  3 centaurs (Orc:2)
  A centaur zombie (D:12)
  2 orcs (Orc:2)
  A kobold (D:11)
  2 bushes
  40 fungi
  23 plants
73 creatures vanquished.

Grand Total: 998 creatures vanquished

Notes
Turn   | Place    | Note
-------+----------+-------------------------------------------
     0 | D:1      | RKaid the Tengu Air Elementalist began the quest for the Orb.
     0 | D:1      | Reached XP level 1. HP: 10/10 MP: 4/4
   431 | D:1      | Reached XP level 2. HP: 12/16 MP: 0/6
   711 | D:1      | Reached skill level 1 in Fighting
   798 | D:1      | Reached skill level 2 in Conjurations
   923 | D:1      | Learned a level 2 spell: Swiftness
  1012 | D:1      | Reached XP level 3. HP: 11/20 MP: 5/7
  1870 | D:2      | Reached XP level 4. HP: 22/26 MP: 3/8
  2207 | D:2      | Reached skill level 3 in Conjurations
  2209 | D:2      | Reached skill level 2 in Fighting
  2835 | D:3      | HP: 6/26 [orc/hand axe of electrocution (15)]
  2843 | D:3      | HP: 2/26 [orc/hand axe of electrocution (5)]
  2928 | D:3      | HP: 3/26 [orc/mace (5)]
  3372 | D:3      | Noticed Grinder
  3459 | D:2      | Gained mutation: You can fly. [Tengu growth]
  3459 | D:2      | Reached XP level 5. HP: 31/31 MP: 2/9
  3730 | D:3      | Noticed Natasha
  3736 | D:2      | Killed Natasha
  3748 | D:2      | Noticed Natasha
  3752 | D:2      | Killed Natasha
  3752 | D:2      | Reached skill level 5 in Air Magic
  4083 | D:3      | Reached skill level 3 in Spellcasting
  4087 | D:4      | Found Icucven's Jewellery Shoppe.
  4131 | D:4      | Learned a level 4 spell: Airstrike
  4148 | D:4      | Reached skill level 3 in Fighting
  4148 | D:4      | Reached skill level 4 in Conjurations
  4148 | D:4      | Reached XP level 6. HP: 33/37 MP: 11/11
  4222 | D:4      | Found Wesmiall's Food Emporium.
  4251 | D:4      | Noticed Ijyb
  4343 | D:4      | Found Gunalim's General Store.
  4346 | D:4      | Bought a scroll of identify for 28 gold pieces
  4466 | D:4      | Reached skill level 1 in Charms
  4502 | D:4      | Noticed Glitchraptor's ghost (amateur HOAK)
  4897 | D:4      | Noticed a phantom
  4972 | D:4      | Killed a phantom
  5224 | D:4      | HP: 9/37 [worker ant (6)]
  5236 | D:3      | HP: 7/37 [worker ant (3)]
  5741 | D:3      | Noticed Terence
  5778 | D:3      | Paralysed by Grinder for 7 turns
  5981 | D:4      | Killed Ijyb
  6221 | D:5      | Entered Level 5 of the Dungeon
  6263 | D:5      | Noticed a slave
  6282 | D:5      | Reached XP level 7. HP: 37/41 MP: 9/13
  6294 | D:5      | Found a runed gate.
  6294 | D:5      | Noticed a soldier ant
  6295 | D:5      | Found a runed door.
  6442 | D:5      | Noticed Eustachio
  6671 | D:5      | Reached skill level 5 in Conjurations
  6789 | D:5      | Found a runed door.
  6822 | D:5      | Noticed a soldier ant
  6823 | D:5      | Found a runed gate.
  6823 | D:5      | Noticed a soldier ant
  6823 | D:5      | Noticed a soldier ant
  6835 | D:5      | Found a runed gate.
  6950 | D:5      | Killed Eustachio
  6950 | D:5      | Reached skill level 4 in Fighting
  6950 | D:5      | Reached skill level 4 in Spellcasting
  6950 | D:5      | Reached skill level 6 in Air Magic
  7056 | D:5      | Got a slimy scale mail
  7073 | D:5      | HP: 7/43 [centaur (5)]
  7378 | D:5      | Reached skill level 1 in Axes
  7378 | D:5      | Reached XP level 8. HP: 18/48 MP: 1/15
  7667 | D:5      | Reached skill level 3 in Dodging
  7725 | D:5      | Noticed Pikel
  8170 | D:6      | Reached skill level 7 in Air Magic
  8285 | D:6      | Reached skill level 2 in Axes
  8385 | D:6      | Reached skill level 5 in Fighting
  8690 | D:6      | Found a snail-covered altar of Cheibriados.
  8715 | D:6      | Reached skill level 3 in Axes
  8813 | D:6      | Reached skill level 4 in Dodging
  8833 | D:6      | RKaid: !ac 3
  8833 | D:6      | beem: 7.33 armour skill per 1 AC for 3 base AC
  8833 | D:6      | Identified the +4 scale mail of the Guardian {rElec} (You took it off an orc on level 5 of the Dungeon)
  8844 | D:6      | RKaid: !ac 6
  8844 | D:6      | beem: 3.67 armour skill per 1 AC for 6 base AC
  9318 | D:7      | Reached skill level 8 in Air Magic
  9374 | D:7      | Noticed Duvessa
  9374 | D:7      | Noticed Dowan
  9389 | D:7      | Killed Duvessa
  9389 | D:7      | Reached XP level 9. HP: 43/55 MP: 1/16
  9403 | D:7      | HP: 12/55 [Dowan/stone arrow (9)]
  9406 | D:7      | Killed Dowan
  9406 | D:7      | Reached skill level 4 in Axes
  9745 | D:7      | Learned a level 5 spell: Lightning Bolt
  9815 | D:7      | HP: 10/55 [gnoll/spear (7)]
 10050 | D:6      | Reached skill level 5 in Spellcasting
 10055 | D:6      | Gained mutation: Your spells are a little harder to cast, but a little more powerful. [mutagenic meat]
 10195 | D:7      | Reached skill level 6 in Fighting
 10795 | D:7      | Learned a level 2 spell: Blink
 10797 | D:7      | Learned a level 1 spell: Magic Dart
 10801 | D:7      | Learned a level 3 spell: Mephitic Cloud
 10848 | D:7      | Reached skill level 9 in Air Magic
 10853 | D:7      | Reached skill level 1 in Translocations
 10895 | D:7      | Reached skill level 6 in Conjurations
 11499 | D:7      | Reached skill level 2 in Translocations
 11509 | D:7      | Reached skill level 6 in Spellcasting
 11509 | D:7      | Reached skill level 7 in Conjurations
 11517 | D:7      | Reached XP level 10. HP: 49/60 MP: 5/20
 11676 | D:7      | Reached skill level 3 in Translocations
 12101 | D:7      | Found a staircase to the Ecumenical Temple.
 12108 | Temple   | Entered the Ecumenical Temple
 12196 | Temple   | Became a worshipper of Sif Muna the Loreminder
 12290 | D:7      | Reached skill level 8 in Conjurations
 12353 | D:7      | Found a runed door.
 12550 | D:8      | Noticed Mandevil's ghost (novice MiHu)
 12624 | D:8      | Found a sand-covered staircase.
 12630 | Ossuary  | Entered an ossuary
 13483 | D:8      | Got a faintly humming plate armour
 13555 | D:8      | Noticed Joseph
 13600 | D:8      | Found Nigog's General Store.
 13603 | D:8      | Bought a potion of curing for 39 gold pieces
 13603 | D:8      | Bought a scroll of identify for 26 gold pieces
 13603 | D:8      | Bought a scroll of identify for 26 gold pieces
 13605 | D:8      | Identified a scroll of acquirement
 14121 | D:8      | Reached skill level 1 in Shields
 14453 | D:8      | HP: 12/61 [orc priest/divine providence (14)]
 14758 | D:9      | Found a staircase to the Lair.
 14792 | D:9      | Reached skill level 7 in Fighting
 14818 | D:9      | Reached skill level 9 in Conjurations
 15087 | D:9      | Reached skill level 2 in Shields
 15091 | D:9      | Reached * piety under Sif Muna
 15368 | D:9      | Reached skill level 3 in Shields
 15419 | D:9      | Found a staircase to the Orcish Mines.
 15478 | D:9      | Identified the +8 plate armour "Danuenk" {rF- rN++ Slay+6} (You found it on level 8 of the Dungeon)
 16031 | D:10     | Entered Level 10 of the Dungeon
 16031 | D:10     | Found a shimmering altar of Xom.
 16249 | D:10     | Reached skill level 4 in Shields
 16307 | D:10     | Found a portal to a secret trove of treasure.
 16346 | D:10     | Noticed a two-headed ogre
 16426 | D:9      | Reached XP level 11. HP: 65/66 MP: 4/21
 16551 | Lair:1   | Entered Level 1 of the Lair of Beasts
 16652 | Lair:1   | Reached skill level 10 in Conjurations
 16652 | Lair:1   | Reached skill level 10 in Air Magic
 17199 | D:4      | Killed Glitchraptor's ghost
 17325 | D:4      | Bought the ring "Liomievy" {rPois MR+} for 434 gold pieces
 17727 | Lair:1   | HP: 12/66 [white imp/puff of frost (5)]
 18049 | Lair:1   | Reached skill level 7 in Spellcasting
 18122 | Lair:1   | Reached ** piety under Sif Muna
 18370 | Lair:1   | Reached skill level 11 in Conjurations
 18953 | Lair:1   | Reached skill level 5 in Dodging
 19536 | Lair:2   | RKaid: !ev
 19536 | Lair:2   | beem: Race: str: dex: ER: dodging: armour: => EV: 8
 19536 | Lair:2   | RKaid: !ev dex:14
 19536 | Lair:2   | beem: Race: dex:14 str: dex: ER: dodging: armour: => EV: 10
 19543 | Lair:2   | Reached skill level 8 in Fighting
 19678 | Lair:2   | Noticed a death yak
 19747 | Lair:2   | Killed a death yak
 19747 | Lair:2   | Reached skill level 5 in Axes
 19747 | Lair:2   | Reached skill level 6 in Dodging
 19747 | Lair:2   | Reached skill level 1 in Invocations
 20528 | Lair:1   | Reached skill level 2 in Invocations
 20553 | D:9      | Reached skill level 7 in Dodging
 21154 | Lair:2   | Found a staircase to the Snake Pit.
 21251 | Lair:2   | Reached XP level 12. HP: 72/72 MP: 15/23
 21284 | Lair:2   | Reached skill level 6 in Axes
 21792 | Lair:2   | Reached skill level 8 in Dodging
 21940 | Lair:2   | HP: 18/72 [poisoned by a black mamba]
 22900 | Lair:3   | Reached skill level 9 in Dodging
 23042 | Lair:3   | Noticed a four-headed hydra
 23054 | Lair:3   | Killed a four-headed hydra
 23325 | Lair:2   | Reached skill level 8 in Spellcasting
 23326 | Lair:2   | RKaid: !ac 5
 23326 | Lair:2   | beem: 4.4 armour skill per 1 AC for 5 base AC
 23418 | Lair:3   | Noticed a six-headed hydra
 23480 | Lair:3   | Killed a six-headed hydra
 23741 | Lair:3   | Reached skill level 10 in Dodging
 23762 | Lair:3   | Found a staircase to the Swamp.
 25236 | Lair:4   | Noticed a seven-headed hydra
 25255 | Lair:4   | Killed a seven-headed hydra
 25255 | Lair:4   | Reached skill level 11 in Dodging
 25465 | Lair:4   | Reached skill level 9 in Fighting
 26216 | Lair:4   | Found an iron altar of Okawaru.
 26365 | Lair:4   | Reached XP level 13. HP: 80/80 MP: 9/26
 26673 | Lair:4   | Reached skill level 12 in Dodging
 27019 | Lair:4   | Learned a level 3 spell: Stone Arrow
 27023 | Lair:4   | Learned a level 3 spell: Conjure Flame
 28535 | Lair:5   | Reached skill level 10 in Fighting
 28535 | Lair:5   | Reached skill level 2 in Charms
 28609 | Lair:4   | Reached skill level 13 in Dodging
 29203 | Lair:5   | Reached skill level 3 in Invocations
 29204 | Lair:5   | Reached *** piety under Sif Muna
 29408 | Lair:6   | Entered Level 6 of the Lair of Beasts
 29685 | Lair:6   | Found a staircase to the Slime Pits.
 29786 | Lair:6   | Reached skill level 7 in Axes
 29955 | Lair:5   | Reached skill level 4 in Invocations
 30618 | Lair:6   | Reached skill level 8 in Axes
 30764 | Lair:5   | Reached skill level 5 in Invocations
 31143 | Lair:6   | Noticed an entropy weaver
 31162 | Lair:5   | Killed an entropy weaver
 31162 | Lair:5   | Gained mutation: You can fly continuously. [Tengu growth]
 31162 | Lair:5   | Reached XP level 14. HP: 44/88 MP: 3/27
 31414 | Lair:6   | Reached skill level 9 in Axes
 31524 | Lair:5   | Reached skill level 6 in Invocations
 32844 | Lair:6   | Reached skill level 7 in Invocations
 32860 | Lair:6   | Noticed an entropy weaver
 32862 | Lair:6   | Gained mutation: You tend to lose your temper in combat. [a shining eye]
 32863 | Lair:6   | Gained mutation: You are weak. (Str -2) [a shining eye]
 32900 | Lair:5   | Reached skill level 10 in Axes
 33324 | Lair:5   | Killed an entropy weaver
 33889 | Lair:6   | Gained mutation: You are frail. (-10% HP) [a shining eye]
 33940 | Lair:6   | Lost mutation: You tend to lose your temper in combat. [potion of mutation]
 33940 | Lair:6   | Lost mutation: You are weak. (Str -2) [potion of mutation]
 33940 | Lair:6   | Lost mutation: Your spells are a little harder to cast, but a little more powerful. [potion of mutation]
 33940 | Lair:6   | Lost mutation: You are frail. (-10% HP) [potion of mutation]
 33940 | Lair:6   | Gained mutation: You have a pair of small antennae on your head. [potion of mutation]
 33940 | Lair:6   | Gained mutation: You are resistant to electric shocks. (rElec) [potion of mutation]
 34155 | Lair:6   | Reached skill level 8 in Invocations
 34363 | Lair:6   | Reached skill level 11 in Axes
 37056 | D:11     | Reached XP level 15. HP: 92/92 MP: 4/28
 37067 | D:11     | Reached skill level 12 in Axes
 37968 | D:11     | Reached **** piety under Sif Muna
 38854 | D:12     | Reached skill level 14 in Dodging
 38855 | D:12     | Noticed Azrael
 39167 | D:12     | Killed Azrael
 39171 | D:12     | HP: 22/93 [hell hound[Azrael] (5)]
 39186 | D:12     | HP: 23/93 [hell hound/blast of flame[Azrael] (5)]
 40045 | Orc:1    | Entered Level 1 of the Orcish Mines
 40351 | Orc:2    | Entered Level 2 of the Orcish Mines
 40389 | Orc:1    | Paralysed by an orc sorcerer for 7 turns
 40438 | Orc:1    | Reached skill level 11 in Fighting
 40820 | Orc:2    | Found a staircase to the Elven Halls.
 40916 | Orc:2    | Reached skill level 9 in Spellcasting
 41323 | Orc:2    | Noticed Serafim's ghost (journeyman MiFi)
 42503 | Orc:2    | Reached skill level 11 in Air Magic
 42854 | Orc:2    | HP: 16/94 [Serafim's ghost (25)]
 43325 | Orc:2    | Found Hageasay's Antique Armour Shoppe.
 43325 | Orc:2    | Found Utiraof's Jewellery Shop.
 43327 | Orc:2    | Found Maxu's Distillery.
 43329 | Orc:2    | Found Hiunuh's Food Emporium.
 43882 | Orc:1    | Reached ***** piety under Sif Muna
 44163 | D:4      | Bought a scroll of identify for 28 gold pieces
 44331 | Orc:1    | Identified Sif Muna's Almanac of Battle Magic and the Glacier (Sif Muna gifted it to you on level 1 of the Orcish Mines)
 44331 | Orc:1    | Received a gift from Sif Muna
 44331 | Orc:1    | Reached skill level 12 in Air Magic
 44407 | Orc:2    | Killed Serafim's ghost
 44782 | Orc:2    | Bought a distressingly furry chain mail for 218 gold pieces
 45273 | D:13     | Found an opulent altar of Gozag.
 45602 | D:13     | Found a gate to the Vaults.
 45610 | D:13     | Got a brightly glowing chain mail
 45940 | D:13     | Got a jewelled hat
 45951 | D:13     | Identified the +0 hat "Soepach" {rF+ rN+} (You acquired it on level 13 of the Dungeon)
 46256 | D:14     | Gained mutation: You are frail. (-10% HP) [mutagenic meat]
 46257 | D:14     | Lost mutation: You are frail. (-10% HP) [potion of mutation]
 46257 | D:14     | Lost mutation: You have a pair of small antennae on your head. [potion of mutation]
 46257 | D:14     | Lost mutation: You are resistant to electric shocks. (rElec) [potion of mutation]
 46257 | D:14     | Gained mutation: Your system is resistant to poisons. (rPois) [potion of mutation]
 46257 | D:14     | Gained mutation: You have a pair of small antennae on your head. [potion of mutation]
 46257 | D:14     | Gained mutation: Scrolls take you a little longer to read. [potion of mutation]
 46257 | D:14     | Gained mutation: Your mind is acute. (Int +2) [potion of mutation]
 46258 | D:14     | Lost mutation: You have a pair of small antennae on your head. [potion of mutation]
 46258 | D:14     | Lost mutation: Your system is resistant to poisons. (rPois) [potion of mutation]
 46258 | D:14     | Gained mutation: You have a pair of small horns on your head. [potion of mutation]
 46258 | D:14     | Lost mutation: You have a pair of small horns on your head. [potion of mutation]
 46258 | D:14     | Gained mutation: You possess an exceptional clarity of mind. [potion of mutation]
 46594 | D:14     | Identified the +1 chain mail of Egalitarianism {rF+ rC+ Str-5} (You bought it in a shop on level 2 of the Orcish Mines)
 46979 | D:14     | Got a crude scale mail
 47186 | D:14     | Gained mutation: You are frail. (-10% HP) [mutagenic meat]
 47187 | D:14     | Gained mutation: You are very frail. (-20% HP) [mutagenic meat]
 47189 | D:14     | Gained mutation: Potions are less effective at restoring your health. [mutagenic meat]
 47190 | D:14     | Lost mutation: Your mind is acute. (Int +2) [potion of mutation]
 47190 | D:14     | Lost mutation: You are very frail. (-20% HP) [potion of mutation]
 47190 | D:14     | Gained mutation: You are dopey. (Int -2) [potion of mutation]
 47190 | D:14     | Gained mutation: Your flesh is heat resistant. (rF+) [potion of mutation]
 47190 | D:14     | Gained mutation: You have a pair of small antennae on your head. [potion of mutation]
 47475 | D:15     | Entered Level 15 of the Dungeon
 47602 | D:15     | Reached XP level 16. HP: 90/90 MP: 19/30
 47607 | D:15     | Reached skill level 13 in Air Magic
 48469 | D:14     | Noticed an azure jelly
 48469 | D:14     | an iron troll changed into an azure jelly
 48475 | D:14     | an azure jelly changed into an alligator snapping turtle
 48500 | D:14     | Noticed a quicksilver dragon
 48504 | D:14     | a quicksilver dragon changed into a fire giant
 48510 | D:14     | Noticed a quicksilver dragon
 48510 | D:14     | a frost giant changed into a quicksilver dragon
 48513 | D:14     | Killed a quicksilver dragon
 48602 | D:14     | Gained mutation: You have a pair of antennae on your head. [mutagenic meat]
 49000 | Swamp:1  | Entered Level 1 of the Swamp
 49166 | Swamp:1  | Reached skill level 12 in Fighting
 49520 | Swamp:1  | Reached skill level 13 in Axes
 50014 | Swamp:1  | Identified the +5 scale mail of Darkness {Str+4} (You found it on level 14 of the Dungeon)
 50805 | Swamp:2  | HP: 16/90 [alligator (23)]
 50808 | Swamp:2  | HP: 3/90 [alligator[an alligator] (15)]
 50808 | Swamp:2  | Mangled by an alligator

Skill      XL: |  1  2  3  4  5  6  7  8  9 10 11 12 13 14 15 16 |
---------------+-------------------------------------------------+-----
Fighting       | 1 2 3 4 5 6 7 8 9 10 11 12 | 12.3
Conjurations   | 2 3 4 5 7 9 11 | 11.0
Air Magic      | 5 6 8 9 10 12 13 | 13.0
Spellcasting   | 3 4 6 7 8 9 |  9.7
Charms         | 1 2 |  2.0
Axes           | 1 3 4 5 6 8 11 12 13 | 13.2
Dodging        | 4 7 11 13 14 | 14.2
Translocations | 2 3 |  3.0
Shields        | 4 |  4.0
Invocations    | 2 5 8 |  8.0
Stealth        | |  2.0

Action                   |  1- 3 |  4- 6 |  7- 9 | 10-12 | 13-15 | 16-18 || total
-------------------------+-------+-------+-------+-------+-------+-------++-------
Melee: Spear             |    17 |    57 |       |       |       |       ||    74
       Kick              |     2 |    23 |    25 |    75 |   224 |    79 ||   428
       Peck              |     2 |    16 |     9 |    40 |   145 |    44 ||   256
       Hand axe          |       |    33 |    86 |   242 |   872 |   273 ||  1506
       Unarmed           |       |     7 |     9 |       |       |       ||    16
       Mace              |       |       |       |    43 |       |       ||    43
       Broad axe         |       |       |       |       |    37 |    12 ||    49
       Scimitar          |       |       |       |       |    14 |       ||    14
 Fire: Blowgun           |       |       |       |     2 |       |       ||     2
Throw: Stone             |       |       |       |     2 |       |       ||     2
 Cast: Shock             |    65 |   132 |   270 |   766 |  1112 |    72 ||  2417
       Swiftness         |       |     5 |     4 |     3 |     3 |       ||    15
       Airstrike         |       |       |    17 |    48 |    10 |       ||    75
       Mephitic Cloud    |       |       |     3 |    18 |    45 |     2 ||    68
       Blink             |       |       |     3 |    25 |    30 |     7 ||    65
       Lightning Bolt    |       |       |       |    19 |   136 |    45 ||   200
       Magic Dart        |       |       |       |    22 |       |       ||    22
       Stone Arrow       |       |       |       |       |   225 |    64 ||   289
       Conjure Flame     |       |       |       |       |    10 |       ||    10
Invok: Divine Energy     |       |       |       |       |     1 |       ||     1
       Channel Magic     |       |       |       |       |     1 |     3 ||     4
       Stop Divine Energ |       |       |       |       |       |     1 ||     1
 Abil: Fly               |       |       |       |     3 |     4 |       ||     7
       Stop Flying       |       |       |       |       |     1 |       ||     1
Evoke: Wand              |       |     1 |       |     7 |    11 |       ||    19
  Use: Scroll            |       |    13 |     3 |    20 |    10 |     1 ||    47
       Potion            |       |     4 |     2 |     1 |     4 |       ||    11
 Stab: Sleeping          |     1 |     1 |       |     1 |     2 |       ||     5
       Confused          |       |       |       |     2 |    10 |       ||    12
  Eat: Chunk             |     4 |     9 |     9 |    19 |    42 |     3 ||    86
       Fruit             |       |     2 |       |     9 |     2 |       ||    13
       Royal jelly       |       |     1 |     1 |     5 |     4 |     2 ||    13
       Meat ration       |       |     1 |     1 |     3 |     3 |       ||     8
       Bread ration      |       |       |       |     2 |     8 |     3 ||    13
Armor: Robe              |     4 |       |       |       |       |       ||     4
       Leather armour    |     8 |    43 |    47 |    10 |       |       ||   108
       Steam dragon scal |       |       |       |   101 |   203 |    36 ||   340
Dodge: Dodged            |    30 |   111 |   119 |   390 |  1155 |   320 ||  2125
Block: Buckler           |       |       |       |   136 |   364 |    80 ||   580
       Reflection        |       |       |       |     2 |    36 |       ||    38
       Rpst.: Scimitar   |       |       |       |       |     2 |       ||     2

Table legend:
 A = Turns spent in this place as a percentage of turns spent in the entire game.
 B = Non-inter-level travel turns spent in this place as a percentage of non-inter-level travel turns spent in the entire game.
 C = Inter-level travel turns spent in this place as a percentage of turns spent in this place.
 D = Turns resting spent in this place as a percentage of non-inter-level travel turns spent in this place.
 E = Turns spent auto-exploring this place as a percentage of non-inter-level travel turns spent in this place.
 F = Non-inter-level travel turns spent in this place divided by the number of levels of this place that you've seen.
                   A       B       C       D       E      F
               +-------+-------+-------+-------+-------+----------------------
         Total | 100.0 | 100.0 |   0.6 |   6.0 |   3.2 | 590.6
       Dungeon |  50.7 |  50.7 |   0.6 |   6.1 |   3.7 | 538.5
        Temple |   0.1 |   0.1 |   9.5 |   0.0 |  89.5 |  19.0
          Lair |  34.0 |  34.0 |   0.6 |   6.3 |   2.0 | 902.8
         Swamp |   4.5 |   4.5 |   0.3 |   4.9 |   2.9 | 359.0
  Orcish Mines |   9.5 |   9.5 |   0.7 |   4.8 |   3.8 | 757.0
       Ossuary |   1.3 |   1.3 |   0.0 |  12.4 |   0.5 | 201.0
               +-------+-------+-------+-------+-------+----------------------

Table legend:
 A = Kills in this place as a percentage of kills in entire the game.
 B = Kills by you in this place as a percentage of kills by you in the entire game.
 C = Kills by friends in this place as a percentage of kills by friends in the entire game.
 D = Other kills in this place as a percentage of other kills in the entire game.
 E = Experience gained in this place as a percentage of experience gained in the entire game.
 F = Experience gained in this place divided by the number of levels of this place that you have seen.
                   A       B       C       D       E      F
               +-------+-------+-------+-------+-------+----------------------
         Total | 100.0 | 100.0 | 100.0 | 100.0 | 100.0 | 5653.7
       Dungeon |  51.7 |  52.0 |   0.0 |  43.8 |  33.5 | 3410.9
          Lair |  29.0 |  28.9 | 100.0 |  25.0 |  47.0 | 11966.5
         Swamp |   5.8 |   6.0 |   0.0 |   0.0 |   9.8 | 7481.0
  Orcish Mines |  11.7 |  11.4 |   0.0 |  31.2 |   9.5 | 7286.0
       Ossuary |   1.7 |   1.8 |   0.0 |   0.0 |   0.1 | 152.0
               +-------+-------+-------+-------+-------+----------------------
